 Dungeon Crawl Stone Soup version bcrawl-1.13 (webtiles) character file.

Game seed: 9906612782734445339

55 Camlann the Skirmisher (level 3, -2/29 HPs)
             Began as a Demonspawn Archaeologist on July 27, 2019.
             Slain by a worm (10 damage)
             ... on level 2 of the Dungeon.
             The game lasted 00:01:40 (1450 turns).

Camlann the Skirmisher (Demonspawn Archaeologist)   Turns: 1450, Time: 00:01:41

Health: -2/29      AC:  6    Str: 12    XL:     3   Next: 67%
Magic:  3/3        EV: 14    Int: 15    God:
Gold:   109        SH:  0    Dex: 11    Spells: 2/2 levels left

rFire    . . .     SeeInvis .   a - +0 whip
rCold    . . .     Gourm    .   (no shield)
rNeg     . . .     Faith    .   b - +1 robe
rPois    +         Spirit   .   c - +1 hat
rElec    .         Reflect  .   (no cloak)
rCorr    .         Harm     .   (no gloves)
MR       .....                  d - +1 pair of boots
Stlth    ++........             (no amulet)
HPRegen  0.09/turn              k - ring of poison resistance
MPRegen  0.08/turn              (no ring)

@: studying Crossbows
A: repulsion field 1
a: no special abilities


You were on level 2 of the Dungeon.
You were not hungry.

You visited 1 branch of the dungeon, and saw 2 of its levels.

You collected 109 gold pieces.

Inventory:

Hand Weapons
 a - a +0 whip (weapon)
Armour
 b - a +1 robe (worn)
 c - a +1 hat (worn)
 d - a +1 pair of boots (worn)
Jewellery
 k - a ring of poison resistance (left hand)
Scrolls
 h - 3 scrolls of remove curse
 i - 5 scrolls of teleportation {unknown}
 l - 2 scrolls of magic mapping {unknown}
Potions
 j - a potion of haste {unknown}
Books
 e - a manual of Crossbows
Miscellaneous
 f - an ancient crate
Comestibles
 g - 4 rations {!d}
 m - a chunk of flesh


   Skills:
 - Level 3.1 Fighting
 - Level 0.8 Maces & Flails
 + Level 2.1 Crossbows
 - Level 2.6 Dodging
 - Level 3.0 Stealth


You had 2 spell levels left.
You didn't know any spells.
Your spell library was empty.

Dungeon Overview and Level Annotations

Branches:
Dungeon (2/12)

Altars:
Gozag
Qazlal
Zin


Innate Abilities, Weirdness & Mutations

You are surrounded by a mild repulsion field. (EV +2)


Message History

You are too injured to fight recklessly!
You are too injured to fight recklessly!
You are too injured to fight recklessly!
You are too injured to fight recklessly!
You are too injured to fight recklessly!
You are too injured to fight recklessly!
You are too injured to fight recklessly!
You are too injured to fight recklessly!
You are too injured to fight recklessly!
You are too injured to fight recklessly!
You are too injured to fight recklessly!
You are too injured to fight recklessly!
You are too injured to fight recklessly!
You are too injured to fight recklessly!
You are too injured to fight recklessly!
You hit the worm. You hit the worm. The worm bites you!
* * * LOW HITPOINT WARNING * * *
You hit the worm. The worm bites you!
You die...

#.......# #...#...........
#.[.....# ###.#######.####
##...#### #.# #.#
#...########.#######.####
#...#....................
#######...#........########.###
..........+........+.>.........
#######...#........########.#..
#...#..†@....# #.#.#
#...#...w....# #.#)#
#...#........# #.#.#
#...#........# #.#.#
#...#........# #.#.#
#...#........# #.#.#
#...#........# #.# #........#
#.#


You could see a worm.

Vanquished Creatures
  An adder (D:2)
  2 oozes
  A dart slug (D:2)
  3 leopard geckos
  A ball python (D:2)
  4 bats
  3 giant cockroaches
  2 goblins (D:1)
  4 hobgoblins
  3 kobolds
  A quokka (D:2)
  3 frilled lizards
  4 rats
32 creatures vanquished.

Notes
Turn   | Place    | Note
-------+----------+-------------------------------------------
     0 | D:1      | Camlann the Demonspawn Archaeologist began the quest for
                  | the Orb.
     0 | D:1      | Reached XP level 1. HP: 15/15 MP: 1/1
   343 | D:1      | Gained mutation: You are surrounded by a mild repulsion
                  | field. (EV +2) [demonic ancestry]
   343 | D:1      | Reached XP level 2. HP: 22/22 MP: 2/2
   919 | D:2      | Reached XP level 3. HP: 17/29 MP: 3/3
  1054 | D:2      | Found a glowing silver altar of Zin.
  1057 | D:2      | Found an opulent altar of Gozag.
  1060 | D:2      | Found a stormy altar of Qazlal.
  1123 | D:2      | Reached skill level 1 in Crossbows
  1450 | D:2      | Slain by a worm

Skill      XL: |  1  2  3 |
---------------+----------+-----
Fighting       | 2 3 |  3.1
Crossbows      | 2 |  2.1
Maces & Flails | |  0.8
Dodging        | |  2.6
Stealth        | |  3.0

Action                   || total
-------------------------++-------
Melee: Whip              ||   174
  Use: Scroll            ||     1
 Stab: Sleeping          ||     5
  Eat: Chunk             ||     2
Armor: Robe              ||    61
Dodge: Dodged            ||   141
